 Dungeon Crawl Stone Soup version 0.29-a0-1043-g569b05d6ff (webtiles) character file.

Game seed: 11654987876615243479

74 nickcage the Cudgeller (level 4, -7/35 HPs)
             Began as a Demonspawn Monk on Aug 15, 2022.
             Mangled by a goblin
             ... wielding a +0 flail
             ... led by Robin
              (10 damage)
             ... on level 3 of the Dungeon.
             The game lasted 00:07:20 (2827 turns).

nickcage the Cudgeller (Demonspawn Monk)            Turns: 2827, Time: 00:07:20

Health: -7/35      AC:  7    Str: 13    XL:     4   Next: 9%
Magic:  4/4        EV: 10    Int: 11    God:
Gold:   189        SH:  0    Dex: 18    Spells: 3/3 levels left

rFire   . . .      SeeInvis .   a - +0 mace
rCold   . . .      Faith    .   (no shield)
rNeg    . . .      Spirit   .   q - +0 scale mail
rPois   .          Reflect  .   (no helmet)
rElec   .          Harm     .   j - +0 cloak
rCorr   .          Rampage  .   (no gloves)
Will    .....                   (no boots)
Stlth   ++........              (no amulet)
HPRegen 0.11/turn               (no ring)
MPRegen 0.09/turn               (no ring)

@: no status effects
A: thin skeletal structure 1, demonic magic 2
a: no special abilities


You were on level 3 of the Dungeon.
You visited 1 branch of the dungeon, and saw 3 of its levels.

You collected 189 gold pieces.

Inventory:

Hand Weapons
 a - a +0 mace (weapon)
Missiles
 w - 6 boomerangs (quivered)
Armour
 b - a +0 robe
 i - a +0 ring mail
 j - a +0 cloak (worn)
 q - a +0 scale mail (worn)
Jewellery
 h - an amulet of regeneration
Wands
 v - a wand of digging (3)
Scrolls
 f - 2 scrolls of identify {unknown}
 g - 2 scrolls of enchant armour {unknown}
 n - 2 scrolls of enchant weapon {unknown}
 o - a scroll of poison {unknown}
 r - a scroll of brand weapon {unknown}
 s - a scroll of teleportation {unknown}
 u - a scroll of summoning {unknown}
Potions
 c - a potion of ambrosia
 d - a potion of haste {unknown}
 e - 2 potions of resistance {unknown}
 k - 2 potions of lignification {unknown}
 l - a potion of curing {unknown}
 m - 2 potions of invisibility {unknown}
 p - a potion of berserk rage {unknown}
 t - a potion of heal wounds {unknown}


   Skills:
 - Level 3.0 Fighting
 + Level 4.5 Maces & Flails
 - Level 2.6 Dodging
 - Level 1.7 Stealth


You had 3 spell levels left.
You didn't know any spells.
Your spell library contained the following spells:

 Spells                   Type           Power      Damage    Failure   Level
 Blink                    Tloc           0%         N/A       95%         2
 Conjure Flame            Conj/Fire      0%         6-21      99%         3
 Ignite Poison            Fire/Tmut/Pois 0%         N/A       99%         3
 Lesser Beckoning         Tloc           0%         N/A       99%         3
 Sticky Flame             Conj/Fire      0%         2d3       100%        4
 Manifold Assault         Tloc           0%         N/A       100%        5


Dungeon Overview and Level Annotations

Branches:
Dungeon (3/15)

Altars:
Xom

Annotations:
D:3 Robin


Innate Abilities, Weirdness & Mutations

You have a somewhat thin skeletal structure. (Dex +2, Stealth+)
Spells you cast may paralyse nearby enemies.


Message History

You throw a boomerang. The hobgoblin shouts!
The boomerang hits the hobgoblin but does no damage.
You see here 7 gold pieces.
You closely miss the hobgoblin. The hobgoblin barely misses you.
You hit the hobgoblin.
The hobgoblin is moderately wounded.
The hobgoblin closely misses you. Robin throws the goblin at you!
The hobgoblin hits you but does no damage.
The goblin shouts!
The goblin shouts!
You hit the hobgoblin.
The hobgoblin is almost dead.
The hobgoblin hits you but does no damage.
The goblin hits you with a +0 flail! The hobgoblin barely misses you.
Robin roars a battlecry!
The goblins go into a battle-frenzy!
The hobgoblin hits you. The hobgoblin attacks as you move away!
The hobgoblin hits you but does no damage.
The goblin closely misses you.
The hobgoblin hits you with a +0 falchion!
You see here 7 gold pieces.
Robin throws the goblin at you! The goblin hits you but does no damage.
You completely miss the goblin.
The hobgoblin hits you but does no damage.
The goblin hits you with a +0 flail!
* * * LOW HITPOINT WARNING * * *
The hobgoblin hits you with a +0 falchion.
* * * LOW HITPOINT WARNING * * *
The goblin hits you but does no damage.
You hit the hobgoblin.
You kill the hobgoblin!
The goblin hits you with a +0 flail.
* * * LOW HITPOINT WARNING * * *
The goblin barely misses you.
The hobgoblin hits you but does no damage.
The goblin misses you. The goblin barely misses you.
You hit the goblin but do no damage. The goblin hits you with a +0 flail!
You die...

.................#..)#
.....................#
.................##..#
.................# .#
.................# #
.....)...........# #
.... ..........# .#
.... ..........##..#
.... .........@g...#
........g.##.##
........gg# #
........)g# .........#
.........# .........#
.........# #.####.###


You could see Robin, 2 hobgoblins and 2 goblins.

Vanquished Creatures
  2 adders
  A worm (D:2)
  2 dart slugs (D:1)
  7 ball pythons
  6 bats
  3 endoplasms
  A giant cockroach (D:1)
  7 goblins
  5 hobgoblins
  2 jackals (D:1)
  2 quokkas
  A frilled lizard (D:2)
  3 kobolds
  4 rats
  2 butterflies (D:3)
48 creatures vanquished.

Notes
Turn   | Place    | Note
-------+----------+-------------------------------------------
     0 | D:1      | nickcage the Demonspawn Monk began the quest for the Orb.
     0 | D:1      | Reached XP level 1. HP: 18/18 MP: 1/1
    14 | D:1      | Noticed a minotaur skeleton
    17 | D:1      | Noticed a minotaur skeleton
   197 | D:1      | Reached skill level 3 in Maces & Flails
   203 | D:1      | Gained mutation: Spells you cast may paralyse adjacent
                  | enemies. [demonic ancestry]
   203 | D:1      | Reached XP level 2. HP: 15/24 MP: 2/2
   845 | D:1      | Found a faded altar of an unknown god.
  1093 | D:2      | Gained mutation: You have a somewhat thin skeletal
                  | structure. (Dex +2, Stealth+) [demonic ancestry]
  1093 | D:2      | Reached XP level 3. HP: 8/29 MP: 3/3
  1467 | D:2      | Reached skill level 4 in Maces & Flails
  2438 | D:3      | Found a shimmering altar of Xom.
  2589 | D:3      | Noticed Robin
  2672 | D:3      | Gained mutation: Spells you cast may paralyse nearby
                  | enemies. [demonic ancestry]
  2672 | D:3      | Reached XP level 4. HP: 27/35 MP: 4/4
  2827 | D:3      | Mangled by a goblin

Illustrated notes

Levels and vault maps discovered:
D:1:      shiori_arrival_whats_in_store_for_you, layout_loops_ring,
          hellmonk_ecumenical_altar_inner_sanctum,
          nicolae_concentric_dashed_squares_wild, minmay_pentomino_p2
D:2:      layout_basic
D:3:      layout_basic, xom_butterflies, serial_shops, shop, uniq_robin

Skill      XL: |  1  2  3 |
---------------+----------+-----
Maces & Flails | 3 4 |  4.5
Fighting       | |  3.0
Dodging        | |  2.6
Stealth        | |  1.7

Action                   |  1- 3 |  4- 6 || total
-------------------------+-------+-------++-------
Melee: Mace              |   137 |    11 ||   148
Throw: Boomerang         |       |     1 ||     1
 Stab: Sleeping          |     6 |       ||     6
Armor: Ring mail         |    22 |       ||    22
       Scale mail        |    26 |    13 ||    39
Dodge: Dodged            |    95 |     9 ||   104

Table legend: (Time is in decaauts)
 A = Elapsed time spent in this place.
 B = Non-inter-level travel time spent in this place.
 C = Inter-level travel time spent in this place.
 D = Time resting spent in this place.
 E = Time spent auto-exploring this place.
 F = Levels seen in this place.
 G = Mean time per level.
                   A        B        C        D        E       F      G
               +--------+--------+--------+--------+--------+-----+--------+
         Total |   2856 |   2806 |     50 |    286 |   1978 |   3 |  952.0 |
       Dungeon |   2856 |   2806 |     50 |    286 |   1978 |   3 |  952.0 |
               +--------+--------+--------+--------+--------+-----+--------+

Top non-repeatable levels by time:
     D:2: 1459 daAuts
     D:1: 1019 daAuts
     D:3: 378 daAuts
